 Dungeon Sprint DCSS version 0.16-a0-3781-g2316936 (webtiles) character file.

4638 BluebellGnoll the Spry (level 10, -7/50 HPs)
             Began as a Deep Elf Fire Elementalist on Jan 25, 2015.
             Was the Champion of Vehumet.
             Mangled by a dire elephant (39 damage)
             ... in the Dungeon (Sprint IX: "|||||||||||||||||||||||||||||").
             The game lasted 00:09:25 (863 turns).

BluebellGnoll the Spry (Deep Elf Fire Elementalist)  Turns: 863, Time: 00:09:26

Health: -7/50      AC:  4    Str:  5    XL:     10   Next: 20%
Magic:  23/35      EV: 25    Int: 27    God:    Vehumet [******]
Gold:   36         SH:  0    Dex: 15    Spells: 6 memorised, 22 levels left

rFire  . . .     SeeInvis .     n - +2 rapier (elec)
rCold  . . .     Clarity  .     a - +0 robe
rNeg   . . .     SustAb   .     (no shield)
rPois  .         Gourm    .     (no helmet)
rElec  .         Spirit   .     (no cloak)
rCorr  .         Warding  .     o - +0 pair of gloves
rMut   .         NoTele   +     p - +0 pair of boots
MR     +....                    (no amulet)
Stlth  +++++.....               r - +3 ring of intelligence
                                q - +2 ring of evasion

@: somewhat resistant to hostile enchantments, quite stealthy
A: no striking features
a: Renounce Religion


You were in the Dungeon.
You worshipped Vehumet.
Vehumet was exalted by your worship.
You were not hungry.

You visited 1 branch You collected 36 gold pieces.

Inventory:

Hand weapons
 n - a +2 rapier of electrocution (weapon)
Armour
 a - a +0 robe (worn)
 o - a +0 pair of gloves (worn)
 p - a +0 pair of boots (worn)
Magical staves
 m - an uncursed staff of energy
Jewellery
 q - a +2 ring of evasion (left hand)
 r - a +3 ring of intelligence (right hand)
Magical devices
 l - a wand of cold (5)
Scrolls
 i - 2 scrolls of blinking
 j - 4 scrolls of remove curse
 k - 2 scrolls of amnesia
 u - 2 scrolls of fear
 v - a scroll of fog
 w - 2 scrolls of enchant armour
Potions
 d - 5 potions of curing
 e - 11 potions of heal wounds
 f - a potion of magic
 g - a potion of invisibility
 h - a potion of berserk rage
 t - a potion of cure mutation
Books
 b - a book of Flames

   Spells                             Type                      Level
   a - Flame Tongue                   Conjuration/Fire             1
   b - Throw Flame                    Conjuration/Fire             2
   c - Conjure Flame                  Conjuration/Fire             3
   d - Inner Flame                    Hexes/Fire                   3
   e - Sticky Flame                   Conjuration/Fire             4
   f - Fireball                       Conjuration/Fire             5
Comestibles
 c - a bread ration
 s - 11 chunks of flesh


   Skills:
 - Level 7.3 Short Blades
 + Level 16.3 Dodging
 - Level 12.3 Stealth
 - Level 15.6 Spellcasting
 - Level 10.4 Conjurations
 - Level 3.2 Fire Magic


You had 22 spell levels left.
You knew the following spells:

 Your Spells              Type           Power        Failure   Level  Hunger
a - Flame Tongue          Conj/Fire      #####        1%          1    None
b - Throw Flame           Conj/Fire      ######       1%          2    None
c - Conjure Flame         Conj/Fire      ######..     1%          3    None
d - Inner Flame           Hex/Fire       ####....     1%          3    None
e - Sticky Flame          Conj/Fire      ######..     1%          4    None
f - Fireball              Conj/Fire      ######....   1%          5    None


Dungeon Overview and Level Annotations

Branches:
Dungeon (1/1)

Altars:
Cheibriados
Dithmenos
Elyvilon
Fedhas
Gozag
Kikubaaqudgha
Makhleb
Nemelex Xobeh
Okawaru
Qazlal
Ru
Sif Muna
Trog
Vehumet
Xom
Yredelemnul
Zin
The Shining One
Beogh
Jiyva
Lugonu


Message History

Your Dodging skill increases to level 16!
Casting: Conjure Flame
Confirm with . or Enter, or press ? or * to list all spells.
Aiming: Conjure Flame
Press: ? - help, Dir - move target cursor The fire roars!
The dire elephant is engulfed in roaring flames.
Casting: Conjure Flame
Confirm with . or Enter, or press ? or * to list all spells.
Aiming: Sticky Flame
Press: ? - help, Shift-Dir - straight line, f - dire elephant
Aim: a dire elephant (flame, lightly wounded)
The sticky flame hits the dire elephant.
The dire elephant is lightly wounded.
The dire elephant is covered in liquid flames!
The dire elephant burns!
The dire elephant is engulfed in roaring flames. x2
The dire elephant tramples you!!!
Ouch! That really hurt!
You die...

▓▓▓▓▓▓▓▓▓▓▓▓▓▓▓▓▓▓▓▓▓▓▓▓▓
.......%..†.....@YYY.YY.Y
▓▓▓▓▓▓▓▓▓▓▓▓▓▓▓▓▓▓▓▓▓▓▓▓▓▓▓▓▓▓▓▓▓
.................................
▓▓▓▓▓▓▓▓▓▓▓▓▓▓▓▓▓▓▓▓▓▓▓▓▓▓▓▓▓▓▓▓▓
_______________'...)..[..'÷))[).'
▓▓▓▓▓▓▓▓▓▓▓▓▓▓▓▓▓▓▓▓▓▓▓▓▓▓▓▓▓▓▓▓▓


You could see 2 dire elephants and 4 elephants.

Vanquished Creatures
  2 hill giants (D)
  An elephant (D)
  A gargoyle (D)
  2 black mambas (D)
  3 spiny frogs (D)
  A fire drake (D)
  A troll (D)
  A basilisk (D)
  A yak (D)
  2 water moccasins (D)
  2 porcupines (D)
  An ice beast (D)
  3 giant frogs (D)
  A scorpion (D)
  A hound (D)
  An iguana (D)
  3 adders (D)
  2 adder skeletons (D)
  A giant gecko (D)
  2 bat skeletons (D)
  2 giant cockroaches (D)
  A quokka (D)
  2 giant newts (D)
  A goblin (D)
  A kobold (D)
  2 rats (D)
41 creatures vanquished.

Notes
Turn   | Place    | Note
--------------------------------------------------------------
     0 | D        | BluebellGnoll, the Deep Elf Fire Elementalist, began the quest for the Orb.
     0 | D        | Reached XP level 1. HP: 10/10 MP: 5/5
     8 | D        | Reached skill level 4 in Spellcasting
    12 | D        | Reached skill level 5 in Spellcasting
   109 | D        | Noticed a scorpion
   116 | D        | Reached skill level 6 in Spellcasting
   116 | D        | Reached XP level 2. HP: 15/15 MP: 2/12
   128 | D        | Learned a level 2 spell: Throw Flame
   137 | D        | Killed a scorpion
   137 | D        | Reached skill level 10 in Spellcasting
   137 | D        | Reached XP level 3. HP: 3/19 MP: 5/20
   152 | D        | Found a glowing silver altar of Zin.
   152 | D        | Found a glowing golden altar of the Shining One.
   152 | D        | Found an ancient bone altar of Kikubaaqudgha.
   152 | D        | Found a basalt altar of Yredelemnul.
   152 | D        | Found a shimmering altar of Xom.
   152 | D        | Found a radiant altar of Vehumet.
   152 | D        | Found an iron altar of Okawaru.
   153 | D        | Found a burning altar of Makhleb.
   154 | D        | Found a deep blue altar of Sif Muna.
   155 | D        | Found a bloodstained altar of Trog.
   156 | D        | Found a sparkling altar of Nemelex Xobeh.
   157 | D        | Found a white marble altar of Elyvilon.
   158 | D        | Found a roughly hewn altar of Beogh.
   159 | D        | Found a viscous altar of Jiyva.
   160 | D        | Became a worshipper of Vehumet
   161 | D        | Found a corrupted altar of Lugonu.
   162 | D        | Found a blossoming altar of Fedhas.
   163 | D        | Found a snail-covered altar of Cheibriados.
   164 | D        | Found a shadowy altar of Dithmenos.
   165 | D        | Found a stormy altar of Qazlal.
   166 | D        | Found an opulent altar of Gozag.
   167 | D        | Found a sacrificial altar of Ru.
   213 | D        | Learned a level 3 spell: Conjure Flame
   217 | D        | Learned a level 3 spell: Inner Flame
   412 | D        | Noticed a hill giant
   412 | D        | Noticed a yak
   417 | D        | Reached XP level 4. HP: 24/24 MP: 14/22
   422 | D        | Killed a hill giant
   422 | D        | Acquired Vehumet's first power
   422 | D        | Offered knowledge of Sting by Vehumet.
   422 | D        | Reached skill level 14 in Spellcasting
   422 | D        | Reached XP level 5. HP: 28/28 MP: 6/28
   422 | D        | Reached XP level 6. HP: 32/32 MP: 6/29
   422 | D        | Reached skill level 15 in Spellcasting
   429 | D        | Killed a yak
   429 | D        | Reached skill level 10 in Conjurations
   429 | D        | Reached XP level 7. HP: 36/36 MP: 1/31
   489 | D        | Learned a level 4 spell: Sticky Flame
   495 | D        | Learned a level 5 spell: Fireball
   496 | D        | Noticed a hill giant
   496 | D        | Noticed a troll
   496 | D        | Noticed a gargoyle
   496 | D        | Noticed an ice beast
   506 | D        | Killed a hill giant
   506 | D        | Killed a troll
   506 | D        | Killed a gargoyle
   506 | D        | Reached skill level 10 in Dodging
   506 | D        | Reached XP level 8. HP: 12/41 MP: 23/32
   508 | D        | Acquired Vehumet's second power
   511 | D        | Killed an ice beast
   724 | D        | Noticed a hound
   724 | D        | Noticed a giant frog
   724 | D        | Noticed a giant frog
   724 | D        | Noticed an iguana
   724 | D        | Noticed a porcupine
   724 | D        | Noticed a giant frog
   724 | D        | Noticed a black mamba
   728 | D        | Killed a hound
   728 | D        | Offered knowledge of Searing Ray by Vehumet.
   731 | D        | Killed a giant frog
   735 | D        | Killed a giant frog
   735 | D        | Acquired Vehumet's third power
   735 | D        | Reached skill level 5 in Stealth
   736 | D        | Noticed a spiny frog
   736 | D        | Killed an iguana
   739 | D        | Killed a porcupine
   739 | D        | Reached XP level 9. HP: 45/45 MP: 21/34
   743 | D        | Killed a giant frog
   744 | D        | Killed a black mamba
   744 | D        | Reached skill level 10 in Stealth
   748 | D        | Killed a spiny frog
   784 | D        | Noticed a black mamba
   784 | D        | Noticed a water moccasin
   784 | D        | Noticed a porcupine
   784 | D        | Noticed a spiny frog
   784 | D        | Noticed a fire drake
   784 | D        | Noticed a spiny frog
   789 | D        | Killed a black mamba
   791 | D        | Noticed a basilisk
   791 | D        | Killed a water moccasin
   795 | D        | Killed a porcupine
   798 | D        | Noticed a water moccasin
   798 | D        | Killed a spiny frog
   798 | D        | Reached skill level 5 in Short Blades
   801 | D        | Killed a spiny frog
   801 | D        | Reached skill level 15 in Dodging
   805 | D        | Killed a fire drake
   805 | D        | Killed a basilisk
   805 | D        | Reached XP level 10. HP: 26/50 MP: 30/35
   812 | D        | Killed a water moccasin
   856 | D        | Noticed an elephant
   856 | D        | Noticed an elephant
   856 | D        | Noticed a dire elephant
   856 | D        | Noticed an elephant
   856 | D        | Noticed a dire elephant
   856 | D        | Noticed an elephant
   856 | D        | Noticed an elephant
   861 | D        | Killed an elephant
   861 | D        | Reached skill level 16 in Dodging
   863 | D        | Mangled by a dire elephant

Action                   |  1- 3 |  4- 6 |  7- 9 | 10-12 || total
-------------------------+-------+-------+-------+-------++-------
Melee: Rapier            |       |       |       |     2 ||     2
 Cast: Flame Tongue      |    28 |    10 |    37 |     7 ||    82
       Conjure Flame     |     1 |       |     3 |     3 ||     7
       Inner Flame       |       |     2 |     4 |       ||     6
       Throw Flame       |       |       |     3 |       ||     3
       Fireball          |       |       |     5 |     1 ||     6
       Sticky Flame      |       |       |       |     2 ||     2
Evoke: Staff of energy   |       |       |    19 |       ||    19
       Wand              |       |       |     2 |       ||     2
  Use: Potion            |     3 |       |     1 |       ||     4
       Scroll            |       |       |     1 |       ||     1
  Eat: Chunk             |       |       |     1 |       ||     1
